 Dungeon Crawl Stone Soup version 0.20.0-15-g7f486f2 (webtiles) character file.

366 vishdafish the Covered (level 6, -4/38 HPs)
             Began as a Gargoyle Fighter on June 17, 2017.
             Slain by a bullfrog (5 damage)
             ... on level 6 of the Dungeon.
             The game lasted 00:18:48 (2003 turns).

vishdafish the Covered (Gargoyle Fighter)           Turns: 2003, Time: 00:18:49

Health: -4/38      AC: 15    Str: 21    XL:     6   Next: 68%
Magic:  6/6        EV:  6    Int:  9    God:
Gold:   200        SH:  9    Dex:  9    Spells: 5/5 levels left

rFire    . . .     SeeInvis +   x - -3 flail (curse)
rCold    . . .     Gourm    .   c - +0 shield
rNeg     + . .     Faith    .   C - +0 chain mail
rPois    ∞         Spirit   .   u - +0 helmet
rElec    +         Reflect  .   (no cloak)
rCorr    .         Harm     .   (no gloves)
MR       .....                  (no boots)
Stlth    ..........             (no amulet)
Regen    0.2/turn               o - ring of see invisible
MPRegen  0.1/turn               (no ring)

@: no status effects
A: negative energy resistance 1, electricity resistance, unbreathing,
petrification resistance, rot immunity, AC +4
a: no special abilities


You were on level 6 of the Dungeon.
You were not hungry.

You visited 1 branch of the dungeon, and saw 6 of its levels.

You collected 200 gold pieces.

Inventory:

Hand Weapons
 a - a +0 flail
 m - a +0 flail
 x - a cursed -3 flail (weapon)
 y - a +1 flail of holy wrath
Missiles
 j - 3 needles of confusion
 l - 50 bolts
 p - 60 arrows
Armour
 b - a +0 scale mail
 c - a +0 shield (worn)
 d - a +2 animal skin
 e - a +0 ring mail
 r - a +0 naga barding
 u - a +0 helmet (worn)
 v - a +0 chain mail
 C - a +0 chain mail (worn)
Jewellery
 o - a ring of see invisible (left hand)
Wands
 A - a wand of clouds (1/9)
Scrolls
 h - a scroll of amnesia {unknown}
 k - a scroll of magic mapping {unknown}
 q - a scroll of fog {unknown}
 z - a scroll of recharging {unknown}
 B - a scroll of random uselessness {unknown}
 D - 2 scrolls of identify {unknown}
 F - a scroll of remove curse {unknown}
 G - a scroll of immolation {unknown}
Potions
 f - a potion of ambrosia {unknown}
 g - 2 potions of curing
 i - a potion of heal wounds
 s - a potion of invisibility
 E - 3 potions of might
Books
 w - a book of Cantrips

   Spells                             Type                      Level
   a - Confusing Touch                Hexes                        1
   b - Animate Skeleton               Necromancy                   1
   c - Summon Small Mammal            Summoning                    1
   d - Apportation                    Translocation                1
Comestibles
 n - a royal jelly
 t - a meat ration
 H - a bread ration


   Skills:
 + Level 3.9 Fighting
 + Level 4.1 Maces & Flails
 - Level 0.3 Throwing
 * Level 5.0 Armour
 + Level 0.7 Dodging
 + Level 0.2 Stealth
 + Level 4.9 Shields


You had 5 spell levels left.
You didn't know any spells.

Dungeon Overview and Level Annotations

Branches:
Dungeon (6/15)
 Temple: D:4-7

Altars:
Elyvilon
Gozag
Trog


Innate Abilities, Weirdness & Mutations

You are resistant to torment.
Your stone body is resilient. (AC +4)
You are immune to poison.
You resist negative energy. (rN+)
You are resistant to electric shocks. (rElec)
You can survive without breathing.
You are immune to petrification.
You are immune to rotting.


Message History

The bullfrog barely misses you. You block the bullfrog's attack.
You hit the bullfrog but do no damage.
The bullfrog is moderately wounded.
The bullfrog closely misses you.
You closely miss the bullfrog.
The bullfrog is moderately wounded.
The bullfrog barely misses you. The bullfrog closely misses you.
You hit the bullfrog but do no damage.
The bullfrog is moderately wounded.
The bullfrog closely misses you.
The bullfrog hits you but does no damage.
You sock the bullfrog!
The bullfrog is almost dead.
The bullfrog hits you.
* * * LOW HITPOINT WARNING * * *
The bullfrog barely misses you.
You barely miss the bullfrog.
The bullfrog is almost dead.
You block the bullfrog's attack. The bullfrog hits you.
You die...

#...#
#...#
#...#
#...+
#...#
#...#
#...##
#F@..#
#<...#
#....#
######


You could see a bullfrog.

Vanquished Creatures
  A centaur (D:3)
  Blork the orc (D:4)
  A bullfrog zombie (D:6)
  A hound (D:4)
  2 orc wizards (D:4)
  Robin (D:3)
  An ooze (D:1)
  2 worms
  3 dart slugs
  A leopard gecko (D:2)
  12 orcs
  A ball python (D:3)
  3 bats
  5 giant cockroaches
  9 goblins
  10 hobgoblins
  2 quokkas
  2 frilled lizards
  A jackal zombie (D:5)
  4 kobolds
  4 rats
67 creatures vanquished.

Notes
Turn   | Place    | Note
-------+----------+-------------------------------------------
     0 | D:1      | vishdafish the Gargoyle Fighter began the quest for the Orb.
     0 | D:1      | Reached XP level 1. HP: 14/14 MP: 1/1
    96 | D:1      | Reached XP level 2. HP: 19/19 MP: 2/2
   273 | D:2      | Found an opulent altar of Gozag.
   414 | D:2      | Reached XP level 3. HP: 23/23 MP: 3/3
   913 | D:3      | Noticed Robin
   928 | D:3      | Killed Robin
   928 | D:3      | Reached XP level 4. HP: 26/28 MP: 4/4
  1142 | D:3      | Noticed a centaur
  1149 | D:3      | Killed a centaur
  1149 | D:3      | Reached skill level 4 in Armour
  1149 | D:3      | Reached XP level 5. HP: 22/33 MP: 5/5
  1454 | D:4      | Reached XP level 6. HP: 31/38 MP: 6/6
  1497 | D:4      | Noticed Blork the orc
  1563 | D:4      | Killed Blork the orc
  1563 | D:4      | Reached skill level 5 in Armour
  1642 | D:5      | Entered Level 5 of the Dungeon
  1661 | D:5      | Found a bloodstained altar of Trog.
  1754 | D:5      | Found a white marble altar of Elyvilon.
  2002 | D:6      | HP: 1/38 [bullfrog (5)]
  2003 | D:6      | Slain by a bullfrog

Skill      XL: |  1  2  3  4  5  6 |
---------------+-------------------+-----
Shields        | 4 |  4.9
Maces & Flails | 3 4 |  4.1
Armour         | 4 5 |  5.0
Fighting       | |  3.9
Throwing       | |  0.3
Dodging        | |  0.7
Stealth        | |  0.2

Action                   |  1- 3 |  4- 6 || total
-------------------------+-------+-------++-------
Melee: Flail             |   135 |   190 ||   325
Throw: Tomahawk          |       |     3 ||     3
  Use: Potion            |     3 |     2 ||     5
 Stab: Invisible         |       |     1 ||     1
  Eat: Bread ration      |       |     1 ||     1
Armor: Scale mail        |    55 |    52 ||   107
       Chain mail        |       |   102 ||   102
Dodge: Dodged            |    30 |    69 ||    99
Block: Shield            |    58 |   143 ||   201
